 Dungeon Crawl Stone Soup version 0.27-a0-1084-g78b3836a5f (webtiles) character file.

Game seed: 10603604875535581883

51 robertstho the Magician (level 3, -5/25 HPs)
             Began as a Djinni Fire Elementalist on Apr 26, 2021.
             Slain by Natasha (7 damage)
             ... on level 2 of the Dungeon.
             The game lasted 00:02:59 (2066 turns).

robertstho the Magician (Djinni Fire Elementalist)  Turns: 2066, Time: 00:03:00

Health: -5/25      AC:  2    Str:  7    XL:     3   Next: 81%
Gold:   35         EV: 12    Int: 17    God:
                   SH:  0    Dex: 13

rFire    + + .     SeeInvis .   j - +2 dagger (venom)
rCold    x . .     Faith    .   (no shield)
rNeg     . . .     Spirit   .   a - +0 robe
rPois    ∞         Reflect  .   (no helmet)
rElec    .         Harm     .   (no cloak)
rCorr    .         Rampage  .   (no gloves)
Will     .....                  (boots unavailable)
Stlth    ++........             (no amulet)
HPRegen  0.08/turn              (no ring)
MPRegen  0.00/turn              (no ring)

@: brilliant, flying
A: fire resistance 2, cold vulnerability 1, float, innate caster, hp casting,
extra vitality 1
a: no special abilities


You were on level 2 of the Dungeon.
You visited 1 branch of the dungeon, and saw 2 of its levels.

You collected 35 gold pieces.

Inventory:

Hand Weapons
 c - a +0 dagger
 j - a +2 dagger of venom (weapon)
Armour
 a - a +0 robe (worn)
Scrolls
 d - a scroll of acquirement {unknown}
 e - a scroll of magic mapping {unknown}
 f - a scroll of torment {unknown}
 g - a scroll of fog {unknown}
 i - a scroll of amnesia {unknown}
Potions
 h - a potion of magic


   Skills:
 + Level 2.2 Dodging
 * Level 1.8 Stealth
 * Level 3.8 Spellcasting


You couldn't memorise any spells.
You knew the following spells:

 Your Spells              Type           Power      Damage    Failure   Level
a - Foxfire               Conj/Fire      96%        2x1d8     3%          1
b - Conjure Flame         Conj/Fire      24%        6-21      10%         3
c - Inner Flame           Hex/Fire       24%        N/A       10%         3
d - Sticky Flame          Conj/Fire      24%        2d5       32%         4
e - Fireball              Conj/Fire      12%        3d7       65%         5
f - Shock                 Conj/Air       96%        1d9       3%          1
Your spell library was empty.

Dungeon Overview and Level Annotations

Branches:
Dungeon (2/15)

Altars:
Qazlal

Annotations:
D:2 Natasha


Innate Abilities, Weirdness & Mutations

You are immune to poison.
Your flesh is very heat resistant. (rF++)
You are vulnerable to cold. (rC-)
You float through the air rather than walking.
You learn spells naturally, not from books.
Your magical power is your life essence.
You have superior vitality. (+4 HP)


Message History

Unknown command.
Your foxfire dissipates!
You see here a hobgoblin corpse.
h - 2 viscous yellow potions;
i - a scroll labelled HEIRESI TACU
Items here: )) ††.
You see here a +0 robe.
Found a stone staircase leading down.
Search for what [? for help]? dagg You see here a +0 robe.
Items here: )) ††.
Your +2 dagger of venom begins to drip with poison!
j - a +2 dagger of venom (weapon)
Natasha, Servant of Life and Death comes into view.
Natasha hisses angrily.
Natasha mumbles some strange words.
Natasha glows brightly for a moment.
Natasha is nearby!
Natasha is nearby!
Natasha is nearby!
Natasha is nearby!
Natasha is nearby!
Natasha howls an incantation.
Natasha's front paws start to glow.
Natasha claws you.
You closely miss Natasha. Natasha claws you!
You hit Natasha.
Natasha is poisoned.
Natasha is lightly wounded.
Natasha casts a spell at you. The magic dart hits you.
You are too injured to fight recklessly!
Natasha stares at you and mumbles some strange words.
The magic dart hits you!
* * * LOW HITPOINT WARNING * * *
It was a potion of magic.
Magic courses through your body.
It was a potion of brilliance.
You feel clever all of a sudden.
Natasha mumbles some strange words.
Natasha glows brightly for a moment.
Natasha claws you!
You die...

#.# #...♣...♣...♣.
..#####.####)#.#.#.#.#.#
....>....##.♣...♣...♣...
..###.......#.#.#†#[#.#.#
..###.###.##...♣..)♣...♣.
......# #.###.#.#.#.#.#.#
##...##.##.♣...♣...♣...
#...h..##..#.#.#.#.#.#
#.###@.#..############
#......# #.###..# ....
#..# #.###..#..# ..
.....# .# .###.# .# .# ##
..


You could see Natasha (very poisoned).

Vanquished Creatures
  Terence (D:2)
  A ball python (D:1)
  2 endoplasms
  5 goblins
  2 hobgoblins (D:2)
  3 kobolds
  A quokka (D:1)
  3 bats (D:1)
  2 frilled lizards (D:1)
  4 rats
24 creatures vanquished.

Vanquished Creatures (others)
  79 foxfires
79 creatures vanquished.

Grand Total: 103 creatures vanquished

Notes
Turn   | Place    | Note
-------+----------+-------------------------------------------
     0 | D:1      | robertstho the Djinni Fire Elementalist began the quest for
                  | the Orb.
     0 | D:1      | Reached XP level 1. HP: 15/15 MP: 0/0
   341 | D:1      | Reached skill level 3 in Spellcasting
   397 | D:1      | Found a faded altar of an unknown god.
   431 | D:1      | Reached XP level 2. HP: 20/21 MP: 0/0
  1705 | D:2      | Found a stormy altar of Qazlal.
  1719 | D:2      | Noticed Terence
  1725 | D:2      | Killed Terence
  1726 | D:2      | Reached XP level 3. HP: 17/25 MP: 0/0
  1726 | D:2      | Learned a level 1 spell: Shock
  2060 | D:2      | Noticed Natasha
  2064 | D:2      | HP: 1/25 [Natasha/magic dart (9)]
  2066 | D:2      | Slain by Natasha

Illustrated notes

Levels and vault maps discovered:
D:1:      lemuel_arrival_broad_hall, layout_loops_ring,
          shapermc_ecumenical_altar_gd, chequers_serial_rivers_room_b
D:2:      layout_loops_ring, basic_altar, kennysheep_crisscross,
          hangedman_decor_points, uniq_terence, uniq_natasha, uniq_sigmund

Skill      XL: |  1 |
---------------+----+-----
Spellcasting   | 3 |  3.8
Dodging        | |  2.2
Stealth        | |  1.8

Action                   || total
-------------------------++-------
Melee: Dagger            ||     2
 Cast: Foxfire           ||    54
  Use: Potion            ||     2
Armor: Robe              ||     3
Dodge: Dodged            ||    16

Table legend: (Time is in decaauts)
 A = Elapsed time spent in this place.
 B = Non-inter-level travel time spent in this place.
 C = Inter-level travel time spent in this place.
 D = Time resting spent in this place.
 E = Time spent auto-exploring this place.
 F = Levels seen in this place.
 G = Mean time per level.
                   A        B        C        D        E       F      G
               +--------+--------+--------+--------+--------+-----+--------+
         Total |   2064 |   1994 |     70 |    261 |   1548 |   2 | 1032.0 |
       Dungeon |   2064 |   1994 |     70 |    261 |   1548 |   2 | 1032.0 |
               +--------+--------+--------+--------+--------+-----+--------+

Top non-repeatable levels by time:
     D:1: 1595 daAuts
     D:2: 469 daAuts
